 Dungeon Crawl Stone Soup version 0.31-a0-823-ga682863bf0 (webtiles) character file.

Game seed: 3170032566425185230

1878 qw the Skirmisher (level 9, -1/55 HPs)
             Began as a Gargoyle Hunter on Sept 23, 2023.
             Was a Follower of Okawaru.
             Splashed by a brown ugly thing's acid (10 damage)
             ... on level 8 of the Dungeon.
             The game lasted 00:01:59 (4685 turns).

qw the Skirmisher (Gargoyle Hunter)                 Turns: 4685, Time: 00:02:00

Health: -1/55      AC:  5    Str: 16    XL:     9   Next: 14%
Magic:  9/12       EV: 14    Int:  9    God:    Okawaru [*.....]
Gold:   195        SH:  0    Dex: 17    Spells: 8/8 levels left

rFire   . . .        Y - +2 shortbow
rCold   . . .        (shield currently unavailable)
rNeg    + . .        b - +0 ring mail
rPois   inf          d - +0 helmet
rElec   +            e - +0 cloak
rCorr   .            (no gloves)
SInv    .            i - +0 pair of boots
Will    .....        (no amulet)
Stlth   +++          (no ring)
HPRegen 0.29/turn    (no ring)
MPRegen 0.13/turn

%: no passive effects
@: heroic, corroded
A: sickness immunity, AC +6, negative energy resistance 1, electricity
resistance, torment resistance 1, petrification resistance
a: Renounce Religion, Heroism


You were on level 8 of the Dungeon.
You worshipped Okawaru.
Okawaru was aware of your devotion.
You visited 2 branches of the dungeon, and saw 7 of its levels.

You collected 195 gold pieces.


Innate Abilities, Weirdness & Mutations

You are immune to sickness and miasma.
Your stone body is resilient. (AC +6)
You are immune to poison.
You resist negative energy. (rN+)
You are resistant to electric shocks. (rElec)
You are resistant to unholy torment.
You are immune to petrification.


   Skills:
 - Level 6.2(11.2) Fighting
 + Level 9.4(14.4) Ranged Weapons
 - Level 3.3(8.3) Armour
 - Level 2.3(7.3) Dodging
 - Level 1.1(6.1) Stealth
 - Level 4.3 Invocations


You had 8 spell levels left.
You didn't know any spells.
Your spell library was empty.

Inventory:

Hand Weapons
 Y - a +2 shortbow (weapon)
Armour
 b - a +0 ring mail (worn)
 d - a +0 helmet (worn)
 e - a +0 cloak (worn)
 i - a +0 pair of boots (worn)
Jewellery
 l - an amulet of regeneration
Scrolls
 f - a scroll of identify
 h - a scroll of summoning {unknown}
 m - a scroll of noise {unknown}
Potions
 a - a potion of resistance
 c - a potion of curing
 g - a potion of haste {unknown}
 j - 2 potions of brilliance {unknown}
 k - a potion of heal wounds {unknown}
 n - a potion of cancellation {unknown}

Dungeon Overview and Level Annotations

Branches:
Dungeon (5/15)             Temple (1/1) D:5

Altars:
Ashenzari
Cheibriados
Dithmenos
Elyvilon
Fedhas
Gozag
Hepliaklqana
Kikubaaqudgha
Makhleb
Nemelex Xobeh
Okawaru
Qazlal
Ru
Sif Muna
Trog
Uskayaw
Vehumet
Wu Jian
Xom
Yredelemnul
Zin


Message History

The brown ugly thing tentacle-slaps you but does no damage.
You shoot an arrow. The arrow hits the brown ugly thing.
The brown ugly thing is heavily wounded.
The brown ugly thing tentacle-slaps you but does no damage.
You shoot an arrow.
The arrow closely misses the brown ugly thing.
The arrow barely misses the orc warrior.
The brown ugly thing completely misses you.
You shoot an arrow. The arrow hits the brown ugly thing!
The brown ugly thing is severely wounded.
A boulder beetle comes into view.
The brown ugly thing tentacle-slaps you!
The acid corrodes you!
You are splashed with acid!
You shoot an arrow.
The arrow barely misses the brown ugly thing.
The arrow hits the boulder beetle but does no damage.
The boulder beetle curls into a ball and begins rolling!
You shoot an arrow.
The arrow closely misses the brown ugly thing.
The arrow hits the boulder beetle but does no damage.
The brown ugly thing closely misses you.
You shoot an arrow. The arrow hits the brown ugly thing.
The brown ugly thing is severely wounded.
The brown ugly thing tentacle-slaps you!
The acid corrodes you!
You are splashed with acid!
You shoot an arrow.
The arrow hits the brown ugly thing but does no damage.
The brown ugly thing is severely wounded.
The brown ugly thing tentacle-slaps you.
You are splashed with acid!
You shoot an arrow.
The arrow hits the brown ugly thing but does no damage.
The brown ugly thing is severely wounded.
You feel like a meek peon again.
The boulder beetle stops rolling and uncurls.
4685 ||| INVOKING Heroism.
You gain the combat prowess of a mighty hero.
The brown ugly thing tentacle-slaps you.
The acid corrodes you!
You are splashed with acid!
You die...

#. ### #.. ..# #.#
#.# #.# #.# #0# .
#¤###0# #. #¤oB#
#.#########u#
.....##..@#...# .
#...##..##...# #.
#...#..?# ....#
#.##...#...###...#
#............#.....
###....#..#####..#..
#....#..# ..#..
#....#.## #....#..


You could see a boulder beetle, a brown ugly thing and an orc warrior.

Vanquished Creatures
  Sigmund (D:4)
  2 yaks (D:5)
  A steam dragon (D:8)
  A black bear (D:5)
  2 ogres
  An ice beast (D:5)
  3 phantoms
  A bullfrog (D:5)
  3 scorpions
  3 hounds (D:5)
  3 jellies
  An orc priest (D:5)
  A sleepcap (D:5)
  2 iguanas (D:5)
  3 orc wizards (D:5)
  5 adders
  A shadow imp (D:5)
  2 ufetubi
  2 worms
  4 dart slugs
  10 orcs
  3 bats
  7 endoplasms
  3 giant cockroaches
  7 goblins
  8 hobgoblins
  2 jackals (D:4)
  4 quokkas
  7 ball pythons
  2 frilled lizards (D:1)
  7 kobolds
  3 rats
105 creatures vanquished.

Notes
Turn   | Place    | Note
-------+----------+-------------------------------------------
     0 | D:1      | qw the Gargoyle Hunter began the quest for the Orb.
     0 | D:1      | Reached XP level 1. HP: 12/12 MP: 1/1
     0 | D:1      | 0 ||| qw: Version: 0.3-a-83-gcd0e7d8
     0 | D:1      | 0 ||| qw: Game counter: 1768
     0 | D:1      | 0 ||| qw: Melee chars always use a shield: true
     0 | D:1      | 0 ||| qw: God list: Okawaru
     0 | D:1      | 0 ||| qw: Allow faded altars: false
     0 | D:1      | 0 ||| qw: Do Orc after clearing Dungeon:15 true
     0 | D:1      | 0 ||| qw: Do second Lair branch before Depths: true
     0 | D:1      | 0 ||| qw: Lair rune preference: random
     0 | D:1      | 0 ||| qw: Goals: Normal
     0 | D:1      | 0 ||| PLANNING D:1-11
   150 | D:1      | Reached XP level 2. HP: 17/17 MP: 2/2
   865 | D:1      | 865 ||| UPGRADING to +0 helmet.
   870 | D:1      | 870 ||| UPGRADING to +0 cloak.
   875 | D:1      | 875 ||| READING scroll labelled ISE GARIVIE.
   876 | D:1      | 876 ||| DROPPING scroll of butterflies.
  1053 | D:2      | Reached XP level 3. HP: 21/21 MP: 3/3
  1192 | D:2      | Reached skill level 5 in Ranged Weapons
  1363 | D:2      | Found a radiant altar of Vehumet.
  1449 | D:2      | 1449 ||| UPGRADING to +0 ring mail.
  1459 | D:2      | 1459 ||| DROPPING +0 leather armour.
  1460 | D:2      | 1460 ||| READING scroll labelled CIECEU LIXEBB.
  1461 | D:2      | 1461 ||| READING scroll labelled JAGREUBREO.
  1598 | D:3      | Reached skill level 1 in Armour
  1678 | D:3      | Reached skill level 3 in Fighting
  1678 | D:3      | Reached XP level 4. HP: 28/28 MP: 4/4
  1702 | D:3      | Found a faded altar of an unknown god.
  2059 | D:3      | 2059 ||| READING scroll labelled JAYRRE HOPO.
  2060 | D:3      | 2060 ||| READING scroll labelled GIQOETHR NAITZ.
  2078 | D:4      | Noticed Sigmund
  2082 | D:4      | 2082 ||| STAIRDANCE
  2113 | D:4      | 2113 ||| STAIRDANCE
  2130 | D:4      | 2130 ||| STAIRDANCE
  2132 | D:4      | 2132 ||| STAIRDANCE
  2133 | D:4      | HP: 7/28 [fell downstairs (1)]
  2134 | D:4      | 2134 ||| STAIRDANCE
  2221 | D:4      | 2221 ||| STAIRDANCE
  2223 | D:4      | 2223 ||| STAIRDANCE
  2225 | D:4      | 2225 ||| STAIRDANCE
  2227 | D:4      | 2227 ||| STAIRDANCE
  2294 | D:4      | 2294 ||| STAIRDANCE
  2296 | D:4      | 2296 ||| STAIRDANCE
  2330 | D:4      | 2330 ||| STAIRDANCE
  2355 | D:4      | 2355 ||| STAIRDANCE
  2397 | D:4      | 2397 ||| STAIRDANCE
  2399 | D:4      | 2399 ||| STAIRDANCE
  2401 | D:4      | 2401 ||| STAIRDANCE
  2417 | D:4      | 2417 ||| STAIRDANCE
  2466 | D:4      | Killed Sigmund
  2467 | D:4      | Reached skill level 6 in Ranged Weapons
  2467 | D:4      | Reached XP level 5. HP: 32/32 MP: 5/5
  2524 | D:4      | Reached XP level 6. HP: 37/37 MP: 6/6
  2892 | D:4      | Reached skill level 7 in Ranged Weapons
  2892 | D:4      | Reached XP level 7. HP: 16/44 MP: 7/7
  3304 | D:4      | 3304 ||| UPGRADING to +0 pair of boots.
  3309 | D:4      | 3309 ||| DROPPING ring of flight.
  3310 | D:4      | 3310 ||| READING 2 scrolls labelled BAOCULLOLL.
  3314 | D:4      | 3314 ||| READING 3 scrolls labelled PUER RINNISOS.
  3315 | D:4      | 3315 ||| DRINKING 2 grey potions.
  3316 | D:4      | 3316 ||| READING 2 scrolls of identify.
  3316 | D:4      | 3316 ||| IDENTIFYING coppery potion
  3317 | D:4      | 3317 ||| DROPPING 2 scrolls of vulnerability.
  3335 | D:5      | Entered Level 5 of the Dungeon
  3380 | D:5      | Noticed a yak
  3383 | D:5      | 3383 ||| RETREEAATING.
  3383 | D:5      | Found an opulent altar of Gozag.
  3392 | D:5      | HP: 5/44 [yak (8)]
  3393 | D:5      | 3393 ||| READING scroll of teleportation.
  3396 | D:5      | Killed a yak
  3397 | D:5      | Reached skill level 8 in Ranged Weapons
  3397 | D:5      | Found a staircase to the Ecumenical Temple.
  3398 | D:5      | 3398 ||| PLANNING TEMPLE
  3410 | D:5      | HP: 5/44 [worm (2)]
  3558 | Temple   | Entered the Ecumenical Temple
  3559 | Temple   | 3559 ||| PLANNING OKAWARU WORSHIP
  3580 | Temple   | Became a worshipper of Warmaster Okawaru
  3581 | Temple   | 3581 ||| PLANNING D:1-11
  3627 | D:5      | 3627 ||| READING scroll of enchant weapon.
  3627 | D:5      | 3627 ||| ENCHANTING +1 shortbow.
  3764 | D:5      | Reached XP level 8. HP: 44/49 MP: 8/8
  3951 | D:5      | 3951 ||| RETREEAATING.
  3984 | D:5      | Reached skill level 9 in Ranged Weapons
  4010 | D:5      | Reached * piety under Okawaru
  4037 | D:5      | 4037 ||| INVOKING Heroism.
  4044 | D:5      | Reached skill level 3 in Armour
  4088 | D:5      | Reached skill level 1 in Invocations
  4167 | D:5      | 4167 ||| INVOKING Heroism.
  4232 | D:5      | Reached skill level 6 in Fighting
  4244 | D:5      | Found a burning altar of Makhleb.
  4244 | D:5      | Noticed a yak
  4255 | D:5      | 4255 ||| INVOKING Heroism.
  4261 | D:5      | Killed a yak
  4262 | D:5      | Reached skill level 3 in Invocations
  4262 | D:5      | Reached XP level 9. HP: 39/55 MP: 8/11
  4633 | D:5      | You fall into a shaft and drop 3 floors!
  4658 | D:8      | 4658 ||| INVOKING Heroism.
  4663 | D:8      | Noticed a cyclops
  4664 | D:8      | 4664 ||| Stepping ~*~*~tactically~*~*~ (retreating).
  4665 | D:8      | Noticed a brown ugly thing
  4679 | D:8      | Noticed a boulder beetle
  4683 | D:8      | HP: 10/55 [acid (8)]
  4685 | D:8      | 4685 ||| INVOKING Heroism.
  4685 | D:8      | Splashed by a brown ugly thing's acid

Levels and vault maps discovered:
D:1:      beargit_arrival_diablo_church, layout_loops_ring,
          nicolae_figureground_sparkle
D:2:      layout_loops_cross, basic_altar, minmay_goblin_outpost
D:3:      layout_loops_ring, ebering_ecumenical_altar_abandoned
D:4:      kennysheep_six_static_rooms, layout_loops_ring, kennysheep_potato,
          uniq_sigmund
D:5:      layout_basic, minmay_temple_entry_statues_fountains,
          grunt_ministairs_14, hangedman_feature_mirror,
          hangedman_minor_gate_pass
D:8:      minmay_the_grid_plus [minmay_the_grid_aliased_spiral,
          minmay_the_grid_embedded, minmay_the_grid_minigrid_small_alt,
          minmay_the_grid_zigzag_pyramid, minmay_the_grid_prize_diamond_cup],
          layout_rooms, uniq_joseph
Temple:   mainiacjoe_temple_circle_huts

Skill      XL: |  1  2  3  4  5  6  7  8  9 |
---------------+----------------------------+-----
Ranged Weapons | 5 6 7 8 9 |  9.4
Armour         | 1 2 3 |  3.3
Fighting       | 3 4 5 6 |  6.2
Dodging        | 2 |  2.3
Invocations    | 3 4 |  4.3
Stealth        | |  1.1

Action                     |  1- 3 |  4- 6 |  7- 9 || total
---------------------------+-------+-------+-------++-------
   Fire: Shortbow          |   110 |   135 |   251 ||   496
 Invoke: Heroism           |       |       |     5 ||     5
    Use: Scroll            |     3 |     2 |     5 ||    10
         Potion            |       |       |     1 ||     1
 Armour: Leather armour    |    16 |       |       ||    16
         Ring mail         |     7 |    55 |    98 ||   160
  Dodge: Dodged            |    22 |    35 |    76 ||   133

Table legend:
 A = Non-vault XP
 B = Vault XP
 C = Vault XP percentage of total XP
 D = Non-vault monster count
 E = Vault monster count
 F = Vault count percentage of total count
                 A         B        C        D         E       F
            +---------+---------+-------+---------+---------+-------
      Total |    1128 |    1556 |  58.0 |      81 |      24 |  22.9
            +---------+---------+-------+---------+---------+-------
        D:1 |      28 |       0 |   0.0 |      18 |       0 |   0.0
        D:2 |      16 |       3 |  15.8 |       6 |       2 |  25.0
        D:3 |      57 |       0 |   0.0 |      20 |       0 |   0.0
        D:4 |     162 |     498 |  75.5 |      17 |       9 |  34.6
        D:5 |     865 |     883 |  50.5 |      20 |      12 |  37.5
        D:8 |       0 |     172 | 100.0 |       0 |       1 | 100.0
            +---------+---------+-------+---------+---------+-------
